 Dungeon Crawl Stone Soup version 0.25-a0-869-g05d4e06a41 (webtiles) character file.

Game seed: 17308863849668404110, levelgen mode: deterministic

134677 Morrissey the Markscentaur (level 16, -10/155 HPs)
             Began as a Centaur Gladiator on May 1, 2020.
             Was the Champion of Okawaru.
             Mangled by a tentacle (15 damage)
             ... attached to a kraken
             ... on level 1 of the Shoals.
             The game lasted 01:25:20 (29205 turns).

Morrissey the Markscentaur (Centaur Gladiator)     Turns: 29205, Time: 01:25:20

Health: -10/155    AC: 18    Str: 20    XL:     16   Next: 62%
Magic:  23/23      EV:  8    Int:  7    God:    Okawaru [******]
Gold:   1241       SH:  0    Dex: 19    Spells: 15/15 levels left

rFire    . . .     SeeInvis +   b - +3 longbow (flame)
rCold    . . .     Gourm    .   (shield currently unavailable)
rNeg     . . .     Faith    .   N - +3 troll leather armour {Snorg}
rPois    .         Spirit   .   g - +0 helmet of Atheism {rC- rCorr Slay+3}
rElec    .         Reflect  .   J - scarf {cloud immunity}
rCorr    +         Harm     .   L - +2 pair of gloves {archery}
MR       +....                  k - +1 centaur barding {Fly}
Stlth    +.........             x - amulet of regeneration
HPRegen  1.15/turn              W - ring "Giwaquf" {rC+ Str+2 Dex+2}
MPRegen  0.18/turn              D - ring of see invisible

@: about to teleport, flying, very quick
A: large, hooves 3, deformed body, speed 2, tough skin 3
a: Heroism, Finesse, Renounce Religion, Stop Flying


You were on level 1 of the Shoals.
You worshipped Okawaru.
Okawaru was exalted by your worship.
You were not hungry.

You visited 5 branches of the dungeon, and saw 26 of its levels.
You also visited: Gauntlet and Ice Cave.

You collected 2162 gold pieces.
You spent 921 gold pieces at shops.

Inventory:

Hand Weapons
 a - a +2 demon trident of electrocution
 b - a +3 longbow of flaming (weapon)
 C - the +7 trident "Qoamoq" {vorpal, Str+5}
   (You bought it in a shop on level 10 of the Dungeon)

   It inflicts extra damage upon your enemies.
   It affects your strength (+5).
Missiles
 F - 458 arrows (quivered)
Armour
 g - the +0 helmet of Atheism (worn) {rC- rCorr Slay+3}
   (You found it in a Gauntlet)

   It affects your accuracy and damage with ranged weapons and melee attacks
   (+3).
   It makes you vulnerable to cold.
   It provides partial protection from all sources of acid and corrosion.
 k - a +1 centaur barding of flying (worn)
 J - a scarf of cloud immunity (worn)
 L - a +2 pair of gloves of archery (worn)
 N - a +3 troll leather armour (worn) {Snorg}
 P - a +2 leather armour of fire resistance
 T - the +0 centaur barding of Compression {Slay+3}
   (Okawaru gifted it to you on level 13 of the Dungeon)

   It affects your accuracy and damage with ranged weapons and melee attacks
   (+3).
 V - a +1 centaur barding of fire resistance
Jewellery
 h - an uncursed ring of protection from fire
 o - an uncursed ring of positive energy
 x - an amulet of regeneration (around neck)
 z - an uncursed ring of protection from magic
 D - a ring of see invisible (right hand)
 G - a +3 ring of slaying
 I - an uncursed amulet of magic regeneration
 O - an uncursed ring of protection from cold
 W - the ring "Giwaquf" (left hand) {rC+ Str+2 Dex+2}
   (You found it in an ice cave)

   [ring of protection from cold]

   It affects your strength (+2).
   It affects your dexterity (+2).
   It protects you from cold.
Wands
 c - a wand of flame (8)
 s - a wand of disintegration (5)
 B - a wand of iceblast (35)
 H - a wand of clouds (11)
 U - a wand of enslavement (18)
 X - a wand of scattershot (4)
 Y - a wand of acid (9)
 Z - a wand of digging (6)
Scrolls
 d - a scroll of torment
 i - 6 scrolls of amnesia
 j - 3 scrolls of blinking
 q - 8 scrolls of immolation
 r - 15 scrolls of remove curse
 t - 16 scrolls of teleportation
 y - 5 scrolls of magic mapping
 K - 4 scrolls of fog
 M - a scroll of identify
 S - 6 scrolls of fear
Potions
 e - a potion of berserk rage
 l - 5 potions of invisibility
 m - 3 potions of haste
 n - 4 potions of heal wounds
 p - 7 potions of brilliance
 u - 9 potions of stabbing
 v - 5 potions of might
 w - 10 potions of curing
 A - 3 potions of mutation
 E - 2 potions of cancellation
 Q - 6 potions of resistance
Comestibles
 f - 50 rations
 R - 9 chunks of flesh


   Skills:
 - Level 17.2 Fighting
 - Level 14.0 Polearms
 - Level 20.0 Bows
 - Level 2.1 Throwing
 * Level 4.0 Armour
 - Level 2.1 Dodging
 - Level 9.7 Invocations


You had 15 spell levels left.
You didn't know any spells.
Your spell library contained the following spells:

 Spells                   Type           Power        Failure   Level  Hunger
 Apportation              Tloc           #.....       47%         1    ##.....
 Freeze                   Ice            #...         47%         1    ##.....
 Shock                    Conj/Air       #...         47%         1    ##.....
 Sting                    Tmut/Pois      #...         47%         1    ##.....
 Summon Small Mammal      Summ           #...         47%         1    ##.....
 Blink                    Tloc           N/A          63%         2    ###....
 Call Imp                 Summ           #.......     63%         2    ###....
 Ensorcelled Hibernation  Hex/Ice        #.....       63%         2    ###....
 Poisonous Vapours        Pois/Air       #.....       63%         2    ###....
 Swiftness                Chrm/Air       #.......     63%         2    ###....
 Call Canine Familiar     Summ           #.......     85%         3    ####...
 Frozen Ramparts          Ice            #.....       85%         3    ####...
 Ignite Poison            Fire/Tmut/Pois #.......     85%         3    ####...
 Mephitic Cloud           Conj/Pois/Air  #.......     85%         3    ####...
 Ozocubu's Armour         Chrm/Ice       #.......     85%         3    ####...
 Static Discharge         Conj/Air       #.......     85%         3    ####...
 Summon Guardian Golem    Hex/Summ       #.......     85%         3    ####...
 Teleport Other           Tloc           #.......     85%         3    ####...
 Airstrike                Air            #.........   99%         4    #####..
 Hailstorm                Conj/Ice       #.......     99%         4    #####..
 Ice Form                 Ice/Tmut       #.......     99%         4    #####..
 Iskenderun's Mystic Bla  Conj/Tloc      #.......     99%         4    #####..
 Olgreb's Toxic Radiance  Pois           #.......     99%         4    #####..
 Passage of Golubria      Tloc           N/A          99%         4    #####..
 Summon Ice Beast         Ice/Summ       #.......     99%         4    #####..
 Summon Lightning Spire   Summ/Air       #.......     99%         4    #####..
 Borgnjor's Vile Clutch   Necr/Erth      #.........   100%        5    ######.
 Irradiate                Conj/Tmut      #.........   100%        5    ######.
 Lightning Bolt           Conj/Air       #.........   100%        5    ######.
 Metabolic Englaciation   Hex/Ice        #.........   100%        5    ######.
 Silence                  Hex/Air        #.........   100%        5    ######.
 Darkness                 Hex            #.........   100%        6    #######
 Dispersal                Tloc           #.........   100%        6    #######
 Freezing Cloud           Conj/Ice/Air   #.........   100%        6    #######
 Hydra Form               Tmut           #.........   100%        6    #######
 Ozocubu's Refrigeration  Ice            #.........   100%        6    #######
 Shadow Creatures         Summ           N/A          100%        6    #######
 Simulacrum               Ice/Necr       #.........   100%        6    #######
 Statue Form              Tmut/Erth      #........    100%        6    #######
 Dragon Form              Tmut           #.........   100%        7    #######
 Ignition                 Fire           #.........   100%        8    #######
 Shatter                  Erth           #.........   100%        9    #######
 Tornado                  Air            #.........   100%        9    #######


Dungeon Overview and Level Annotations

Branches:
Dungeon (15/15)            Temple (1/1) D:4            Lair (6/6) D:8
 Shoals (1/4) Lair:3        Snake (3/4) Lair:2        Slime (0/5) Lair:5
    Orc (0/2) D:10         Vaults (0/5) D:13         Depths (0/5) D:15
  IceCv (visited)         Gauntlet (visited)

Altars:
Ashenzari
Cheibriados
Dithmenos
Elyvilon
Fedhas
Gozag
Hepliaklqana
Kikubaaqudgha
Makhleb
Nemelex Xobeh
Okawaru
Qazlal
Ru
Sif Muna
Trog
Uskayaw
Vehumet
Wu Jian
Xom
Yredelemnul
Zin
The Shining One
Jiyva

Shops:
D:8 *   D:10 ([   D:14 ?*   Snake:2 =

Annotations:
D:7 exclusion: downstairs


Innate Abilities, Weirdness & Mutations

You have hooves in place of feet.
Armour fits poorly on your strangely shaped body.
You cover ground very quickly.
You have extremely tough skin. (AC +3)


Message History

The tentacle barely misses you. The tentacle slaps you! x2
The tentacle slaps you!
* * * LOW HITPOINT WARNING * * *
Tentacles burst out of the water! 2 tentacles come into view.
A tentacle segment bursts forth from the water. x2
A tentacle segment bursts forth from the water. x3
The tentacle slaps you!
* * * LOW HITPOINT WARNING * * *
As you read the scroll of teleportation, it crumbles to dust.
You feel strangely unstable. The tentacle slaps you!!
* * * LOW HITPOINT WARNING * * *
The tentacle slaps you!
* * * LOW HITPOINT WARNING * * *
The tentacle slaps you!!
* * * LOW HITPOINT WARNING * * *
A tentacle segment bursts forth from the water. x5
The tentacle slaps you!
You die...

≈≈≈≈≈≈≈≈≈≈≈≈≈≈≈≈≈≈≈#
≈≈≈≈≈≈≈≈≈≈≈≈≈≈≈≈≈≈≈#
≈≈≈≈≈≈≈≈≈≈≈≈≈≈≈≈≈≈≈#
≈≈≈≈≈≈≈≈≈≈≈≈≈≈≈≈≈≈≈#
≈≈≈≈≈≈≈≈≈≈≈≈≈≈≈≈≈≈≈#
≈≈≈≈≈≈≈≈≈≈≈X─≈≈≈≈≈≈#
.≈≈≈≈≈≈≈≈≈≈≈≈\≈≈≈≈≈#
.≈..≈≈≈≈≈≈≈≈≈*\w≈≈≈#
≈≈≈≈≈≈≈≈≈≈≈≈≈≈\w@≈≈#
≈≈≈≈≈≈≈≈≈≈≈≈≈≈≈ww≈≈#
≈≈≈≈≈≈≈≈≈≈≈≈≈≈≈≈≈≈≈#
≈≈≈≈≈≈≈≈≈≈≈≈≈≈≈≈≈≈≈#
.≈≈.≈≈≈≈≈≈≈≈≈≈≈≈≈≈≈#
.....≈≈≈≈≈≈≈÷≈≈≈≈≈≈#
..≈≈≈≈≈≈≈.≈≈≈≈≈≈≈≈≈#
.)≈≈≈≈....≈≈≈≈≈≈≈≈≈#
...≈.........≈≈≈≈≈≈#


You could see a kraken and 4 tentacles.

Vanquished Creatures
  Vashnia (Snake:2)
  Gastronok (D:8)
  Agnes (D:14)
  A nagaraja (Snake:2)
  2 frost giants
  A stone giant (Shoals:1)
  A minotaur (Gauntlet)
  Snorg (D:14)
  Josephine (Lair:5)
  A fire dragon (D:13)
  2 merfolk impalers (Shoals:1)
  8 hydras
  Harold (Lair:2)
  4 naga warriors
  3 centaur warriors
  A catoblepas (D:13)
  3 anacondas
  A merfolk avatar (Shoals:1)
  2 merfolk aquamancers (Shoals:1)
  A death knight (D:14)
  An alligator (shapeshifter) (Gauntlet)
  5 two-headed ogres
  7 death yaks
  3 shock serpents (Snake:2)
  4 naga sharpshooters
  A shock serpent (shapeshifter) (D:15)
  4 skeletal warriors
  A fire crab (shapeshifter) (Gauntlet)
  A deep troll (shapeshifter) (Gauntlet)
  An unseen horror (D:12)
  A naga ritualist (Snake:2)
  2 wizards (Gauntlet)
  A harpy (shapeshifter) (D:15)
  2 orc knights (D:15)
  2 phantasmal warriors
  3 harpies (Shoals:1)
  14 ugly things
  A salamander (Snake:2)
  A mana viper (Snake:2)
  A wolf spider zombie (D:15)
  4 slime creatures
  6 fauns (Shoals:1)
  An orb spider (shapeshifter) (Gauntlet)
  5 manticores
  14 cyclopes
  20 elephants
  Joseph (Lair:1)
  19 black mambas
  Maurice (D:11)
  5 naga magi
  A smoke demon (Gauntlet)
  A gargoyle (D:10)
  12 spiny frogs
  Maggie (D:8)
  2 yaktaurs
  A freezing wraith (D:14)
  A kobold demonologist (D:12)
  4 rime drakes
  An efreet (D:15)
  17 komodo dragons
  2 ice devils (Lair:3)
  A red devil (Gauntlet)
  A harpy zombie (D:15)
  2 merfolk (Shoals:1)
  10 polar bears (IceCv)
  3 trolls
  3 meliai (D:15)
  A wind drake (Shoals:1)
  12 blink frogs
  4 snapping turtles
  A dream sheep (Lair:5)
  10 hippogriffs
  A meliai zombie (D:10)
  7 water elementals (Shoals:1)
  2 shadows
  7 wraiths
  7 wyverns
  57 yaks
  4 basilisks
  2 hungry ghosts (D:13)
  Menkaure (D:6)
  A soldier ant (D:13)
  13 nagas
  Edmund (D:5)
  An acid dragon (D:13)
  9 water moccasins
  12 porcupines
  6 sky beasts
  11 orc warriors
  5 ice beasts
  5 necrophages (Lair:4)
  6 ogres
  5 black bears
  An ogre (shapeshifter) (D:15)
  4 phantoms
  12 wolves (IceCv)
  14 centaurs
  5 boggarts (D:15)
  An eye of draining (D:11)
  7 crocodiles
  16 bullfrogs
  6 scorpions
  A killer bee (shapeshifter) (D:13)
  4 wights
  13 killer bees
  4 howler monkeys
  A bullfrog zombie (D:10)
  11 crimson imps
  3 quasits
  4 lava snakes (D:10)
  2 centaur zombies
  2 centaur skeletons
  6 hounds
  2 jellies
  A gnoll shaman (D:7)
  4 orc priests
  4 bullfrog skeletons
  6 iguanas
  Terence (D:3)
  11 worker ants
  2 orc wizards
  2 hound zombies
  2 hound skeletons
  7 gnolls
  2 worker ant zombies
  16 adders
  5 shadow imps
  2 white imps (Gauntlet)
  4 oozes
  An adder zombie (D:6)
  4 adder skeletons
  2 worms
  6 leopard geckos
  44 orcs
  11 bats
  2 giant cockroaches
  8 goblins
  11 hobgoblins
  13 jackals
  9 quokkas
  2 ball pythons
  7 frilled lizards
  A jackal zombie (D:5)
  5 kobolds (D:1)
  A leopard gecko zombie (D:8)
  A quokka zombie (D:7)
  9 rats
  A bush (Lair:4)
  A fungus (Lair:5)
  2 plants
752 creatures vanquished.

Vanquished Creatures (others)
  3 polar bears (IceCv)
  3 yaks (IceCv)
  A wolf (IceCv)
  A hound (D:8)
  A bush (Lair:3)
  12 fungi
  20 plants
  2 tentacles (Shoals:1)
43 creatures vanquished.

Grand Total: 795 creatures vanquished

Notes
Turn   | Place    | Note
-------+----------+-------------------------------------------
     0 | D:1      | Morrissey the Centaur Gladiator began the quest for the
                  | Orb.
     0 | D:1      | Reached XP level 1. HP: 17/17 MP: 1/1
   297 | D:1      | Reached XP level 2. HP: 25/25 MP: 2/2
   553 | D:1      | Reached XP level 3. HP: 23/30 MP: 3/3
   901 | D:2      | Found a hazy altar of Hepliaklqana.
   905 | D:2      | Found a shadowy altar of Dithmenos.
   905 | D:2      | Noticed a shadow
  1131 | D:2      | Reached XP level 4. HP: 29/38 MP: 4/4
  1492 | D:3      | Found a glowing golden altar of the Shining One.
  1577 | D:3      | Noticed a hippogriff
  1589 | D:3      | Killed a hippogriff
  1589 | D:3      | Reached XP level 5. HP: 18/47 MP: 5/5
  1589 | D:3      | Reached XP level 6. HP: 21/53 MP: 6/6
  1979 | D:3      | Noticed Terence
  2006 | D:3      | Killed Terence
  2006 | D:3      | Reached skill level 5 in Polearms
  2461 | D:4      | Reached skill level 5 in Fighting
  2494 | D:4      | Found an ancient bone altar of Kikubaaqudgha.
  2715 | D:4      | Reached XP level 7. HP: 34/61 MP: 7/7
  3109 | D:4      | Found a staircase to the Ecumenical Temple.
  3118 | Temple   | Entered the Ecumenical Temple
  3164 | Temple   | Became a worshipper of Warmaster Okawaru
  3241 | D:5      | Entered Level 5 of the Dungeon
  3841 | D:5      | Noticed Edmund
  3872 | D:5      | Killed Edmund
  3872 | D:5      | Reached skill level 1 in Bows
  3872 | D:5      | Reached XP level 8. HP: 70/70 MP: 8/8
  4167 | D:6      | Found a bloodstained altar of Trog.
  4186 | D:6      | Reached * piety under Okawaru
  4186 | D:6      | Reached skill level 2 in Bows
  4364 | D:6      | Reached skill level 3 in Bows
  4675 | D:6      | Reached skill level 4 in Bows
  4774 | D:6      | Reached ** piety under Okawaru
  4774 | D:6      | Reached XP level 9. HP: 59/79 MP: 9/9
  5027 | D:6      | Reached skill level 5 in Bows
  5038 | D:6      | Noticed Menkaure
  5063 | D:6      | Killed Menkaure
  5401 | D:6      | Reached *** piety under Okawaru
  5401 | D:6      | Reached skill level 1 in Invocations
  5530 | D:7      | Found a glowing silver altar of Zin.
  5607 | D:7      | Reached skill level 6 in Bows
  5698 | D:7      | Found a shimmering altar of Xom.
  5810 | D:7      | Found a basalt altar of Yredelemnul.
  5976 | D:7      | Found a shimmering altar of Xom.
  6102 | D:7      | Found a shimmering altar of Xom.
  6129 | D:7      | Got a twisted war axe
  6437 | D:8      | Found a white marble altar of Elyvilon.
  6448 | D:8      | Reached **** piety under Okawaru
  6580 | D:8      | Noticed Maggie
  6611 | D:8      | Killed Maggie
  6611 | D:8      | Reached skill level 10 in Polearms
  6611 | D:8      | Reached skill level 7 in Bows
  6611 | D:8      | Reached XP level 10. HP: 55/88 MP: 12/12
  6668 | D:8      | Noticed Gastronok
  6706 | D:8      | Killed Gastronok
  6706 | D:8      | Reached ***** piety under Okawaru
  6706 | D:8      | Received a gift from Okawaru
  6894 | D:9      | Reached skill level 8 in Bows
  7169 | D:10     | Entered Level 10 of the Dungeon
  7337 | D:8      | Found a staircase to the Lair.
  7438 | D:8      | Found Fegg's Fabulous Fripperies.
  7442 | D:8      | Bought a scroll of fear for 56 gold pieces
  7476 | D:8      | Reached skill level 5 in Invocations
  7788 | D:8      | Found a burning altar of Makhleb.
  7848 | D:9      | Found a blossoming altar of Fedhas.
  7979 | D:9      | Found a stormy altar of Qazlal.
  8477 | D:10     | Noticed a gargoyle
  8493 | D:10     | Killed a gargoyle
  8493 | D:10     | Received a gift from Okawaru
  8493 | D:10     | Reached XP level 11. HP: 11/97 MP: 15/15
  8493 | D:10     | HP: 7/145 [bullfrog (5)]
  8778 | D:10     | Noticed a cyan ugly thing
  8873 | D:10     | Killed a cyan ugly thing
  8873 | D:10     | Reached skill level 9 in Bows
  9006 | Lair:1   | Entered Level 1 of the Lair of Beasts
 10495 | Lair:1   | Noticed Joseph
 10506 | Lair:1   | Killed Joseph
 10506 | Lair:1   | Reached skill level 10 in Bows
 10623 | Lair:1   | Noticed an eight-headed hydra
 10696 | Lair:1   | Killed an eight-headed hydra
 11093 | Lair:2   | Noticed a six-headed hydra
 11096 | Lair:2   | Noticed Harold
 11117 | Lair:2   | Killed a six-headed hydra
 11117 | Lair:2   | Received a gift from Okawaru
 11135 | Lair:2   | Killed Harold
 11402 | Lair:2   | Reached XP level 12. HP: 106/106 MP: 17/17
 11435 | Lair:2   | Found a staircase to the Snake Pit.
 12400 | Lair:3   | Received a gift from Okawaru
 12439 | Lair:3   | Found a frozen archway.
 12494 | Lair:3   | Reached skill level 11 in Bows
 12548 | IceCv    | Entered an ice cave
 12672 | IceCv    | Got a warped marble ring
 12674 | IceCv    | Identified the ring "Giwaquf" {rC+ Str+2 Dex+2} (You found
                  | it in an ice cave)
 12700 | IceCv    | Received a gift from Okawaru
 12858 | IceCv    | Received a gift from Okawaru
 12868 | IceCv    | Noticed a death yak
 12976 | IceCv    | Killed a death yak
 12976 | IceCv    | Received a gift from Okawaru
 13405 | IceCv    | Noticed a frost giant
 13405 | IceCv    | Noticed a death yak
 13423 | IceCv    | Killed a death yak
 13432 | IceCv    | Reached skill level 12 in Bows
 13456 | IceCv    | Killed a frost giant
 13729 | Lair:3   | Reached ****** piety under Okawaru
 13995 | Lair:3   | Received a gift from Okawaru
 14021 | Lair:3   | Reached XP level 13. HP: 101/112 MP: 20/20
 14438 | Lair:3   | Found a staircase to the Shoals.
 15020 | Lair:4   | Received a gift from Okawaru
 15233 | Lair:4   | Reached skill level 13 in Bows
 15539 | Lair:4   | Reached skill level 10 in Fighting
 15687 | Lair:4   | Got a brightly glowing glass ring
 15689 | Lair:4   | Identified the ring "Tarph" {*Tele rPois rF+ Dex+4} (You
                  | found it on level 4 of the Lair of Beasts)
 16418 | Lair:5   | Reached skill level 14 in Bows
 16703 | Lair:5   | Received a gift from Okawaru
 17138 | Lair:5   | Noticed Josephine
 17160 | Lair:5   | Killed Josephine
 17160 | Lair:5   | Received a gift from Okawaru
 17403 | Lair:5   | Found a viscous altar of Jiyva.
 17404 | Lair:5   | Found a staircase to the Slime Pits.
 17634 | Lair:5   | You are sucked into a shaft and drop 1 floor!
 17634 | Lair:6   | Entered Level 6 of the Lair of Beasts
 18200 | Lair:6   | Received a gift from Okawaru
 18200 | Lair:6   | Reached XP level 14. HP: 29/127 MP: 21/21
 19000 | Lair:6   | Reached skill level 15 in Bows
 20129 | D:10     | Identified a scroll of acquirement
 20335 | D:10     | Found a staircase to the Orcish Mines.
 20335 | D:10     | Found Anio's Weapon Boutique.
 20335 | D:10     | Found Layg's Armour Boutique.
 20467 | D:10     | Bought the +7 trident "Qoamoq" {vorpal, Str+5} for 865 gold
                  | pieces
 20693 | D:11     | Found a gate leading to a gauntlet.
 20699 | Gauntlet | Entered a Gauntlet
 20699 | Gauntlet | Found a transporter.
 20699 | Gauntlet | Found a transporter.
 20705 | Gauntlet | Found a transporter.
 20705 | Gauntlet | Found a transporter.
 20706 | Gauntlet | Found a large runed translucent door.
 20707 | Gauntlet | Found a large runed translucent door.
 20708 | Gauntlet | Found a large runed translucent door.
 20708 | Gauntlet | Found a large runed translucent door.
 20708 | Gauntlet | Found a runed translucent door.
 20708 | Gauntlet | Found a runed translucent door.
 20709 | Gauntlet | Found a large runed translucent door.
 20710 | Gauntlet | Found a large runed translucent door.
 20711 | Gauntlet | Found a large runed translucent door.
 20711 | Gauntlet | Found a large runed translucent door.
 20711 | Gauntlet | Found a large runed translucent door.
 20711 | Gauntlet | Found a large runed translucent door.
 20711 | Gauntlet | Found a large runed translucent door.
 20711 | Gauntlet | Found a large runed translucent door.
 20712 | Gauntlet | Found a runed translucent gate.
 20712 | Gauntlet | Found a runed translucent gate.
 20712 | Gauntlet | Found a runed translucent gate.
 20714 | Gauntlet | Found a transporter.
 20715 | Gauntlet | Found a transporter.
 20723 | Gauntlet | Noticed a reaper
 20724 | Gauntlet | Found a transporter.
 20724 | Gauntlet | Found a transporter.
 20727 | Gauntlet | Found a transporter.
 20784 | Gauntlet | Found a transporter.
 20915 | Gauntlet | Found a transporter.
 20954 | Gauntlet | Identified the ring "Wedding" {rPois rCorr}
 20990 | Gauntlet | Found a transporter.
 21021 | Gauntlet | Received a gift from Okawaru
 21117 | Gauntlet | Identified the +6 dagger "Qeynleno" {venom, rElec rN+ MR+}
 21144 | Gauntlet | Identified the Collected Works on Displacement
 21158 | Gauntlet | Got a smoking helmet
 21164 | Gauntlet | Identified the cursed +0 helmet of Atheism {rC- rCorr
                  | Slay+3} (You found it in a Gauntlet)
 21198 | D:11     | Noticed Maurice
 21248 | D:11     | Killed Maurice
 21248 | D:11     | Reached skill level 16 in Bows
 21604 | D:11     | Received a gift from Okawaru
 21918 | D:12     | Received a gift from Okawaru
 23074 | D:13     | You are sucked into a shaft and drop 2 floors!
 23074 | D:15     | Entered Level 15 of the Dungeon
 23333 | D:13     | Reached XP level 15. HP: 89/139 MP: 22/22
 23336 | D:13     | Received a gift from Okawaru
 23336 | D:13     | Reached skill level 17 in Bows
 23350 | D:13     | Got a fine centaur barding {god gift}
 23361 | D:13     | Identified the +0 centaur barding of Compression {Slay+3}
                  | (Okawaru gifted it to you on level 13 of the Dungeon)
 23727 | D:13     | Reached skill level 15 in Fighting
 24149 | D:13     | Found a gate to the Vaults.
 24474 | D:14     | Noticed Agnes
 24477 | D:14     | Killed Agnes
 24478 | D:14     | Found Wirrovy's Demolitions Depot.
 24581 | D:14     | Noticed Snorg
 24638 | D:14     | Killed Snorg
 24638 | D:14     | Reached skill level 18 in Bows
 24819 | D:14     | Found Widajohu's Magic Scroll Shoppe.
 24901 | D:14     | You fall into a shaft and drop 1 floor!
 25261 | D:15     | Received a gift from Okawaru
 25802 | D:15     | Found a staircase to the Depths.
 26152 | Snake:1  | Entered Level 1 of the Snake Pit
 26296 | Snake:1  | You fall into a shaft and drop 1 floor!
 26411 | Snake:2  | Noticed Vashnia
 26438 | Snake:2  | Killed Vashnia
 26438 | Snake:2  | Reached skill level 19 in Bows
 26634 | Snake:2  | Reached XP level 16. HP: 143/152 MP: 23/23
 26652 | Snake:2  | Found Teudgheast's Jewellery Emporium.
 26843 | Snake:2  | Received a gift from Okawaru
 26864 | Snake:2  | Got an ichor-stained centaur barding {god gift}
 26875 | Snake:2  | Identified the +2 centaur barding "Ujeic" {Str+4 Stlth-}
                  | (Okawaru gifted it to you on level 2 of the Snake Pit)
 28169 | Shoals:1 | Entered Level 1 of the Shoals
 28371 | Shoals:1 | Reached skill level 20 in Bows
 28678 | Shoals:1 | Reached skill level 1 in Armour
 28734 | Shoals:1 | Found the +7 Singing Sword {vorpal, sonic wave}
 28899 | Shoals:1 | Received a gift from Okawaru
 29186 | Shoals:1 | Noticed a kraken
 29205 | Shoals:1 | HP: 5/155 [tentacle[a kraken] (19)]
 29205 | Shoals:1 | Mangled by a tentacle

Levels and vault maps discovered:
D:1:      heliophobic_arrival_ceremonial_halls, layout_basic, kennysheep_doodads
D:2:      layout_basic, riverfiend_overflow_shadow_ancestor, serial_forest,
          infiniplex_forest_zigzag_2, infiniplex_forest_lined_ring,
          infiniplex_forest_lined_2, infiniplex_forest_clump_long,
          infiniplex_forest_clump_tiny, infiniplex_forest_end_2,
          infiniplex_forest_clump_double, infiniplex_forest_lined_1
D:3:      layout_basic, tso_oasis_becter, kennysheep_minor_cross, uniq_terence
D:4:      layout_gridville, nicolae_overflow_hidden_temple,
          lemuel_temple_firewalk_a
D:5:      layout_loops_ring, first_ration, uniq_edmund
D:6:      layout_basic, trog_ov_bears_minmay, uniq_menkaure
D:7:      layout_cave_pools, xom_redecorated, old_standard_altar, serial_park,
          serial_park_square3 [serial_park_minivault_5x5_3], serial_park_square1
          [serial_park_minivault_5x5_4], serial_park_square1
          [serial_park_minivault_5x5_8]
D:8:      layout_rooms, lemuel_round_altar, bloody_makhleb, dpeg_oklobed_lair,
          grunt_ogre_cave, nicolae_alphabet_shops, uniq_maggie, uniq_gastronok
D:9:      cheibrodos_elevator_heist, layout_gridville,
          grunt_temple_overflow_forces_of_nature
D:10:     layout_big_octagon, orc_david_3
D:11:     layout_loops_cross, gauntlet_entry_generic, serial_glass,
          glass_columns_a, glass_columns_a, glass_columns_a, glass_columns_c,
          glass_columns_a, glass_columns_b, uniq_maurice
D:12:     layout_gridville, chequers_serial_rivers_small_b
D:13:     layout_loops_ring, david_vaults_4
D:14:     layout_roguey, serial_shops, kennysheep_little_box,
          nicolae_shop_temple_entry_statues_fountains, hangedman_glass_teeth,
          minivault_25, nicolae_blasting_shop, uniq_snorg, uniq_agnes
D:15:     gammafunk_enter_depths_forms, layout_irregular_city,
          chequers_serial_rivers_room_a
Temple:   pf_slimified_temple
Lair:1:   layout_regular_city, uniq_joseph
Lair:2:   layout_layer_cave, guppyfry_snake_entry_island, grunt_megastairs_4,
          serial_bayou_shore_b, uniq_harold
Lair:3:   layout_gridlike, minmay_shoals_entry_hut,
          portal_ice_cave_demonic_guard, serial_forest,
          infiniplex_forest_clump_curved, infiniplex_forest_lined_corner,
          infiniplex_forest_end_3, infiniplex_forest_clump_medium,
          infiniplex_forest_lined_2, infiniplex_forest_lined_room_2,
          chequers_serial_rivers_large_a
Lair:4:   layout_cave_pods, bh_autumn_forest_stairs, roderic_carrion_pond
Lair:5:   layout_misc_corridors, dpeg_slime_entry_enclosed_altar,
          cheibrodos_lair_caveside_slide, minmay_shattered_shrine,
          uniq_josephine
Lair:6:   due_jungle_book, layout_regular_city
Shoals:1: layout_shoals, st_shoals_ruin
Snake:1:  layout_rooms, special_room, serial_shops, shop
Snake:2:  layout_honeycomb, st_stairs_6, minmay_shop_enchanted_jewellery,
          uniq_vashnia
Snake:3:  minmay_snake_river, layout_misc_corridors, grunt_megastairs_3,
          uniq_bai_suzhen, uniq_kirke

Skill      XL: |  1  2  3  4  5  6  7  8  9 10 11 12 13 14 15 16 |
---------------+-------------------------------------------------+-----
Polearms       | 3 4 5 7 8 10 11 12 13 14 | 14.0
Fighting       | 3 4 5 6 7 8 9 12 14 16 17 | 17.2
Bows           | 1 4 7 8 10 12 14 16 19 20 | 20.0
Invocations    | 3 5 7 9 |  9.7
Armour         | 4 |  4.0
Throwing       | |  2.1
Dodging        | |  2.1

Action                   |  1- 3 |  4- 6 |  7- 9 | 10-12 | 13-15 | 16-18 || total
-------------------------+-------+-------+-------+-------+-------+-------++-------
Melee: Trident           |   119 |   138 |   436 |   731 |   631 |    62 ||  2117
       Kick              |    17 |    36 |   112 |   240 |   240 |    25 ||   670
       Punch             |       |       |       |     4 |     1 |     2 ||     7
       Demon trident     |       |       |       |       |       |     9 ||     9
 Fire: Shortbow          |       |       |   132 |   396 |   523 |       ||  1051
       Longbow           |       |       |       |       |   433 |   198 ||   631
Throw: Throwing net      |       |     2 |     3 |     3 |       |       ||     8
Invok: Heroism           |       |       |     1 |    10 |     5 |     3 ||    19
       Finesse           |       |       |       |     2 |     5 |     2 ||     9
Evoke: Wand              |       |       |       |     3 |     3 |       ||     6
  Use: Scroll            |       |     1 |       |    21 |    23 |     5 ||    50
       Potion            |       |       |       |     3 |     1 |       ||     4
 Stab: Held in net/web   |       |     2 |     1 |     3 |       |       ||     6
       Confused          |       |       |       |     4 |       |       ||     4
  Eat: Chunk             |       |     4 |    11 |    12 |    28 |     3 ||    58
       Ration            |       |       |       |     2 |     1 |     1 ||     4
Armor: Leather armour    |    44 |    25 |   109 |   203 |   192 |       ||   573
       Troll leather arm |       |       |       |       |    19 |    43 ||    62
Dodge: Dodged            |    57 |    52 |   150 |   215 |   150 |    50 ||   674

Table legend:
 A = Non-vault XP
 B = Vault XP
 C = Vault XP percentage of total XP
 D = Non-vault monster count
 E = Vault monster count
 F = Vault count percentage of total count
                 A         B        C        D         E       F
            +---------+---------+-------+---------+---------+-------
      Total |  133406 |   58990 |  30.7 |     605 |     146 |  19.4
            +---------+---------+-------+---------+---------+-------
        D:1 |      42 |       0 |   0.0 |      24 |       0 |   0.0
        D:2 |      75 |       0 |   0.0 |      23 |       0 |   0.0
        D:3 |     362 |      36 |   9.0 |      22 |       1 |   4.3
        D:4 |     344 |       0 |   0.0 |      20 |       0 |   0.0
        D:5 |     560 |     158 |  22.0 |      13 |       1 |   7.1
        D:6 |    1734 |     422 |  19.6 |      33 |       3 |   8.3
        D:7 |    1142 |     232 |  16.9 |      29 |       5 |  14.7
        D:8 |    1965 |    2836 |  59.1 |      32 |       3 |   8.6
        D:9 |     169 |     626 |  78.7 |       6 |       5 |  45.5
       D:10 |    4516 |     154 |   3.3 |      30 |       5 |  14.3
       D:11 |    2802 |     449 |  13.8 |      20 |       1 |   4.8
       D:12 |    8096 |       0 |   0.0 |      51 |       0 |   0.0
       D:13 |   14124 |    2227 |  13.6 |      46 |       3 |   6.1
       D:14 |    8447 |    3287 |  28.0 |      17 |       2 |  10.5
       D:15 |    7478 |    5253 |  41.3 |      31 |      12 |  27.9
     Lair:1 |    6488 |     455 |   6.6 |      21 |       1 |   4.5
     Lair:2 |    1279 |    1551 |  54.8 |       3 |       5 |  62.5
     Lair:3 |    8045 |     909 |  10.2 |      30 |       3 |   9.1
     Lair:4 |    4135 |     615 |  12.9 |      13 |       5 |  27.8
     Lair:5 |    6490 |    6749 |  51.0 |      23 |      15 |  39.5
     Lair:6 |   18298 |       0 |   0.0 |      47 |       0 |   0.0
   Shoals:1 |   15206 |    6956 |  31.4 |      31 |       9 |  22.5
    Snake:1 |    2314 |       0 |   0.0 |       5 |       0 |   0.0
    Snake:2 |   14105 |    9533 |  40.3 |      25 |       7 |  21.9
    Snake:3 |    5190 |     149 |   2.8 |      10 |       2 |  16.7
      IceCv |       0 |    9896 | 100.0 |       0 |      41 | 100.0
   Gauntlet |       0 |    6497 | 100.0 |       0 |      17 | 100.0
            +---------+---------+-------+---------+---------+-------
